 Dungeon Crawl Stone Soup version 0.31.0-32-g396128a36d (webtiles) character file.

Game seed: 321776731560343388

573 nel the Ruffian (level 7, -9/48 HPs)
             Began as a Demonspawn Shapeshifter on Apr 8, 2024.
             Mangled by an orc warrior
             ... wielding a +0 glaive
              (13 damage)
             ... on level 4 of the Dungeon.
             The game lasted 00:09:58 (3291 turns).

nel the Ruffian (Demonspawn Shapeshifter)           Turns: 3291, Time: 00:09:58

Health: -9/48      AC:  3    Str: 13 (16) XL:     7   Next: 12%
Magic:  7/7        EV: 15    Int:  9 (11) God:
Gold:   76         SH:  0    Dex: 11 (12) Spells: 6/6 levels left

rFire   . .          .
                       - Unarmed
rCold   . . .        (no shield)
rNeg    . . .        j - +0 leather armour
rPois   .            (helmet currently unavailable)
rElec   .            (cloak currently unavailable)
rCorr   .            (gloves currently unavailable)
SInv    .            (boots currently unavailable)
Will    .....        (no amulet)
Stlth   +            (no ring)
HPRegen 0.28/turn    (no ring)
MPRegen 0.10/turn

%: no passive effects
@: beast-form
A: beast (slay +2), claws 2, repulsion field 2
a: Begin Untransformation


You were on level 4 of the Dungeon.
You were a hulking beast.
You visited 1 branch of the dungeon, and saw 5 of its levels.

You collected 76 gold pieces.

Inventory:

Missiles
 l - 3 poisoned darts (quivered)
Armour
 a - a +0 animal skin
 j - a +0 leather armour (worn)
 u - a +0 pair of gloves of strength
Jewellery
 o - a ring of willpower
Talismans
 c - a beast talisman
 d - a flux talisman
 f - a granite talisman
Scrolls
 g - a scroll of noise
 i - a scroll of blinking {unknown}
 m - a scroll of revelation
 p - a scroll of immolation
 q - a scroll of enchant armour {unknown}
 s - a scroll of vulnerability
Potions
 b - a potion of lignification
 k - a potion of degeneration
 n - a potion of magic
 r - a potion of resistance {unknown}
 t - a potion of cancellation {unknown}


   Skills:
 - Level 1.3 Fighting
 + Level 3.7 Dodging
 * Level 5.6 Unarmed Combat
 + Level 4.1 Shapeshifting


You had 6 spell levels left.
You didn't know any spells.
Your spell library contained the following spells:

 Spells                   Type           Power      Damage    Failure   Level
 Sandblast                Erth           0%         2d4       45%         1
 Slow                     Hex            0%         N/A       45%         1
 Confusing Touch          Hex            0%         N/A       83%         3
 Passwall                 Erth           0%         N/A       83%         3
 Sigil of Binding         Hex            0%         N/A       83%         3
 Stone Arrow              Conj/Erth      0%         3d7       83%         3
 Vampiric Draining        Necr           0%         2d6       83%         3
 Brom's Barrelling Bould  Conj/Erth      0%         2d3       99%         4


Dungeon Overview and Level Annotations

Branches:
Dungeon (5/15)
 Temple: D:4-7

Altars:
Sif Muna

Shops:
D:1 :


Innate Abilities, Weirdness & Mutations

You are a hulking beast.
Your limbs bulge with bestial killing power. (Slay +2)
You have very sharp fingernails.
You are surrounded by a moderate repulsion field. (EV +3)


Message History

The poisoned dart closely misses the orc warrior.
Throw: 7 darts (poison)
Press: ? - help, Q - select action Shift-Dir - straight line, f/p - orc warrior
Aim: an orc warrior, wielding a +0 glaive and wearing a +0 chain mail (52% to hit)
You throw a poisoned dart.
The poisoned dart closely misses the orc warrior.
The orc warrior barely misses you.
Throw: 6 darts (poison)
Press: ? - help, Q - select action Shift-Dir - straight line, f/p - orc warrior
Aim: an orc warrior, wielding a +0 glaive and wearing a +0 chain mail (50% to hit)
You throw a poisoned dart.
The poisoned dart closely misses the orc warrior.
The orc warrior closely misses you.
Throw: 5 darts (poison)
Press: ? - help, Q - select action Shift-Dir - straight line, f/p - orc warrior
Aim: an orc warrior, wielding a +0 glaive and wearing a +0 chain mail (52% to hit)
You throw a poisoned dart. The poisoned dart hits the orc warrior.
The orc warrior is poisoned.
The orc warrior hits you from afar with a +0 glaive.
Throw: 4 darts (poison)
Press: ? - help, Q - select action Shift-Dir - straight line, f/p - orc warrior
Aim: an orc warrior, wielding a +0 glaive and wearing a +0 chain mail (lightly wounded, poisoned, 52% to hit)
You throw a poisoned dart. The poisoned dart hits the orc warrior.
The orc warrior looks even sicker.
The orc warrior is lightly wounded.
The orc warrior barely misses you.
The orc warrior hits you with a +0 glaive!
You scratch the orc warrior but do no damage.
The orc warrior is lightly wounded.
The orc warrior barely misses you.
You closely miss the orc warrior. Your claw misses the orc warrior.
The orc warrior is lightly wounded.
The orc warrior hits you with a +0 glaive!
The orc warrior hits you from afar with a +0 glaive!
* * * LOW HITPOINT WARNING * * *
Okay, then.
Okay, then.
The orc warrior attacks as it pursues you!
The orc warrior hits you from afar with a +0 glaive!
You die...

### ###.# #...# #.#.#
#.#)# #.#)#########
####### #.#.h.o(.(.(#
......#######.#...........
......#.....#.#...........
###
......#.###.#.#########...
#.. ....^.#.###.#.# ## #.#
..........#.#.# #.#
......#.#.#.#.# ######..
......#.#.#.#.#
#####.†.....
......#.......#
###.....###...


You could see an orc warrior (poisoned).

Vanquished Creatures
  Edmund (D:4)
  Duvessa (D:4)
  An ice beast (D:4)
  Dowan (D:4)
  A hound (D:4)
  A jelly (D:4)
  Jessica (D:3)
  5 adders
  A dart slug (D:1)
  2 ribbon worms
  9 orcs
  6 endoplasms
  3 giant cockroaches
  6 goblins
  8 hobgoblins
  7 kobolds
  6 quokkas
  3 ball pythons
  6 bats
  5 frilled lizards
  4 rats
78 creatures vanquished.

Notes
Turn   | Place    | Note
-------+----------+-------------------------------------------
     0 | D:1      | nel the Demonspawn Shapeshifter began the quest for the
                  | Orb.
     0 | D:1      | Reached XP level 1. HP: 15/15 MP: 1/1
   117 | D:1      | Found Oxah's Book Boutique.
   260 | D:1      | Gained mutation: You are surrounded by a mild repulsion
                  | field. (EV +2) [demonic ancestry]
   260 | D:1      | Reached XP level 2. HP: 20/21 MP: 2/2
   390 | D:1      | Reached skill level 3 in Unarmed Combat
   758 | D:2      | Gained mutation: You are surrounded by a moderate repulsion
                  | field. (EV +3) [demonic ancestry]
   758 | D:2      | Reached XP level 3. HP: 24/26 MP: 3/3
  1398 | D:3      | Reached XP level 4. HP: 32/32 MP: 4/4
  1615 | D:3      | Identified the +2 spear "Utyac" {vamp, rF++ MP-9}
  2010 | D:3      | Noticed Jessica
  2027 | D:3      | Killed Jessica
  2028 | D:3      | Reached skill level 4 in Unarmed Combat
  2030 | D:3      | Found a shimmering blue altar of Sif Muna.
  2201 | D:4      | Noticed Edmund
  2224 | D:4      | Killed Edmund
  2225 | D:4      | Reached XP level 5. HP: 23/37 MP: 5/5
  2227 | D:4      | Gained mutation: You have sharp fingernails. [demonic
                  | ancestry]
  2227 | D:4      | Reached XP level 6. HP: 28/43 MP: 6/6
  2525 | D:4      | Noticed Duvessa
  2525 | D:4      | Noticed Dowan
  2551 | D:4      | Killed Duvessa
  2552 | D:4      | Reached skill level 5 in Unarmed Combat
  2559 | D:4      | Killed Dowan
  2768 | D:4      | Noticed an ice beast
  3006 | D:5      | Entered Level 5 of the Dungeon
  3006 | D:5      | Noticed a water moccasin
  3018 | D:4      | Killed an ice beast
  3019 | D:4      | Gained mutation: You have very sharp fingernails. [demonic
                  | ancestry]
  3019 | D:4      | Reached XP level 7. HP: 22/48 MP: 7/7
  3291 | D:4      | Mangled by an orc warrior

Illustrated notes

Levels and vault maps discovered:
D:1:      pf_arrival_petrified_forest, layout_loops_cross, serial_shops,
          nicolae_shop_temple_entry_statues_fountains,
          chequers_serial_rivers_micro_e
D:2:      layout_rooms
D:3:      layout_basic, tgw_sif, chequers_serial_rivers_micro_b,
          minmay_statues_item
D:4:      layout_basic, uniq_duvessa, uniq_edmund
D:5:      layout_cave_pools, serial_shops, shop, uniq_crazy_yiuf_cottage

Skill      XL: |  1  2  3  4  5  6 |
---------------+-------------------+-----
Dodging        | 2 3 |  3.7
Unarmed Combat | 3 4 5 |  5.6
Shapeshifting  | 3 4 |  4.1
Fighting       | |  1.3

Action                     |  1- 3 |  4- 6 |  7- 9 || total
---------------------------+-------+-------+-------++-------
  Melee: Unarmed           |   149 |   124 |    12 ||   285
         Punch             |       |     1 |       ||     1
  Throw: Dart              |       |    16 |     6 ||    22
    Use: Potion            |     1 |     5 |       ||     6
         Scroll            |       |     6 |       ||     6
   Stab: Sleeping          |     1 |       |       ||     1
 Armour: Animal skin       |    31 |       |       ||    31
         Leather armour    |    16 |    34 |     8 ||    58
         Skin              |    16 |    17 |       ||    33
  Dodge: Dodged            |    83 |    65 |     7 ||   155
